 Dungeon Crawl Stone Soup version 0.29-a0-1016-g236c7fd91e (webtiles) character file.

Game seed: 5339068342621539955

13704 ragingrage the Severer (level 11, -6/145 HPs)
             Began as a Minotaur Delver on Aug 9, 2022.
             Was a High Priest of Okawaru.
             Mangled by Gastronok (18 damage)
             ... on level 1 of the Lair of Beasts.
             The game lasted 00:19:18 (15635 turns).

ragingrage the Severer (Minotaur Delver)           Turns: 15635, Time: 00:19:19

Health: -6/145     AC: 25    Str: 26    XL:     11   Next: 79%
Magic:  11/13      EV:  2    Int:  7    God:    Okawaru [*****.]
Gold:   559        SH:  0    Dex: 13    Spells: 10/10 levels left

rFire   . . .      SeeInvis .   a - +2 hand axe (freeze)
rCold   . . .      Faith    .   (no shield)
rNeg    . . .      Spirit   .   (body armour currently unavailable)
rPois   +          Reflect  .   (helmet currently unavailable)
rElec   .          Harm     .   (cloak currently unavailable)
rCorr   .          Rampage  .   (gloves currently unavailable)
Will    .....      NoTele   +   (boots currently unavailable)
Stlth   ++++......              (no amulet)
HPRegen 0.34/turn               y - +6 ring of strength
MPRegen 0.13/turn               (no ring)

@: tree-form (expiring), heroic, studying Axes
A: stationary, stasis, torment immunity, boosted hp, (horns 2), (retaliatory
headbutt)
a: Renounce Religion, Heroism, Finesse, Duel


You were on level 1 of the Lair of Beasts.
You worshipped Okawaru.
Okawaru was extremely pleased with you.
You were a tree.
You visited 3 branches of the dungeon, and saw 14 of its levels.
You also visited: Bailey.

You collected 875 gold pieces.
You spent 316 gold pieces at shops.

Inventory:

Hand Weapons
 a - a +2 hand axe of freezing (weapon)
 b - a +2 whip of electrocution
 z - a +0 battleaxe
 M - a +3 antimagic morningstar
 R - a +4 whip
 S - a +4 vorpal spear
Missiles
 o - 4 silver javelins
 w - 70 poisoned darts
 I - 18 datura-tipped darts
 K - 30 boomerangs
 L - 11 curare-tipped darts (quivered)
 N - 10 atropa-tipped darts
 Q - 2 throwing nets
Armour
 j - a +0 pair of boots (melded)
 J - a +1 plate armour of fire resistance (melded)
 U - a scarf of resistance (melded)
Jewellery
 l - a ring of ice
 v - a ring of fire
 y - a +6 ring of strength (left branch)
Wands
 g - a wand of digging (3)
 n - a wand of quicksilver (4)
 q - a wand of flame (20)
 r - a wand of polymorph (2)
 D - a wand of mindburst (7)
 W - a wand of paralysis (10)
 Z - a wand of iceblast (4)
Scrolls
 c - a scroll of fog
 d - a scroll of magic mapping
 e - 2 scrolls of fear
 m - a scroll of teleportation
 s - a scroll of summoning
 t - 6 scrolls of vulnerability
 A - a scroll of torment
 C - 3 scrolls of poison
 F - 3 scrolls of silence
 H - 2 scrolls of enchant weapon
 O - a scroll of enchant armour
 T - a scroll of brand weapon
Potions
 f - 2 potions of haste
 k - 5 potions of mutation
 p - a potion of lignification
 u - 4 potions of degeneration
 x - 2 potions of brilliance
 B - 2 potions of curing
 E - a potion of might
 G - a potion of flight {unknown}
 P - a potion of berserk rage {unknown}
Miscellaneous
 X - a phial of floods (inert)


   Skills:
 + Level 9.2(14.2) Fighting
 + Level 17.8(22.8) Axes
 - Level 6.0(11.0) Throwing
 - Level 8.0(13.0) Armour
 - Level 3.0(8.0) Dodging
 - Level 4.1(9.1) Stealth
 - Level 5.0 Invocations


You had 10 spell levels left.
You didn't know any spells.
Your spell library contained the following spells:

 Spells                   Type           Power      Damage    Failure   Level
 Magic Dart               Conj           0%         1d3       43%         1
 Sandblast                Erth           0%         2d4       43%         1
 Blink                    Tloc           0%         N/A       56%         2
 Passwall                 Tmut/Erth      0%         N/A       56%         2
 Conjure Flame            Conj/Fire      0%         6-21      80%         3
 Dazzling Flash           Conj/Hex       0%         N/A       80%         3
 Ignite Poison            Fire/Tmut/Pois 0%         N/A       80%         3
 Mephitic Cloud           Conj/Pois/Air  0%         N/A       80%         3
 Stone Arrow              Conj/Erth      0%         3d7       80%         3
 Anguish                  Hex/Necr       0%         N/A       99%         4
 Sticky Flame             Conj/Fire      0%         2d3       99%         4
 Agony                    Necr           0%         N/A       100%        5
 Fireball                 Conj/Fire      0%         3d3       100%        5
 Manifold Assault         Tloc           0%         N/A       100%        5
 Silence                  Hex/Air        0%         N/A       100%        5
 Eringya's Noxious Bog    Tmut/Pois      0%         N/A       100%        6
 Starburst                Conj/Fire      0%         6d3       100%        6
 Statue Form              Tmut/Erth      0%         N/A       100%        6
 Storm Form               Tmut/Air       0%         N/A       100%        7
 Ignition                 Fire           0%         3d3       100%        8
 Call Imp                 Summ           Unusable   N/A       N/A         2

Dungeon Overview and Level Annotations

Branches:
Dungeon (12/15)            Temple (1/1) D:6            Lair (1/5) D:11
    Orc (0/2) D:10         Bailey (visited)

Altars:
Ashenzari
Cheibriados
Dithmenos
Elyvilon
Fedhas
Gozag
Hepliaklqana
Kikubaaqudgha
Makhleb
Nemelex Xobeh
Okawaru
Qazlal
Ru
Sif Muna
Trog
Uskayaw
Vehumet
Wu Jian
Xom
Yredelemnul
Zin
The Shining One

Shops:
D:1 [!:   D:6 (   D:9 *   D:10 ?

Annotations:
D:9 1 runed translucent door, snackwell's ghost, novice SpEn
D:12 Rupert
Lair:1 Gastronok


Innate Abilities, Weirdness & Mutations

You are a tree.
Your roots penetrate the ground, keeping you stationary.
You cannot be teleported.
You are immune to unholy pain and torment.
Your maximum health is greatly increased.
Your equipment is partially melded.
((You have a pair of horns on your head.))
((You reflexively headbutt those who attack you in melee.))


Message History

You slash the black mamba!
The black mamba seems to slow down.
You freeze the black mamba.
You kill the black mamba!
Okawaru accepts your kill.
Throw: 12 darts (curare)
Press: ? - help, Q - select action, (/) - cycle Shift-Dir - straight line, f - Gastronok
Aim: Gastronok, wearing the +3 hat of Pondering {ponderous, Will+ MP+10 Int+5} (94% to hit)
You throw a curare-tipped dart. The curare-tipped dart hits Gastronok.
Gastronok is poisoned.
Gastronok convulses.
Gastronok seems to slow down.
Gastronok is lightly wounded.
You hit Gastronok but do no damage.
Gastronok is lightly wounded.
You hit Gastronok but do no damage.
Gastronok is lightly wounded.
You hit the river rat. You freeze the river rat. You slash Gastronok!
You freeze Gastronok.
Gastronok is lightly wounded.
You hit the river rat. You freeze the river rat.
The river rat bites you but does no damage.
You hit Gastronok. You freeze Gastronok.
Gastronok is lightly wounded.
You closely miss the river rat.
Gastronok waves his eye-stalks in wide circles.
The air twists around and strikes you.
* * * LOW HITPOINT WARNING * * *
You gain the combat prowess of a mighty hero.
The river rat bites you.
* * * LOW HITPOINT WARNING * * *
You hit Gastronok but do no damage.
Gastronok is lightly wounded.
You slash the river rat! You freeze the river rat.
You kill the river rat!
The river rat's corpse disappears in a puff of smoke!
Your transformation is almost over.
Gastronok is no longer moving slowly.
You hit Gastronok. You freeze Gastronok.
Gastronok is lightly wounded.
Gastronok bites you!!
You die...

....#####.P#####.......
........................
........................
<.......................
........................
........................
........................
.......)...............?
....##.#.#######♣w...$..
.....##### ##§(.....
.....# .....^. ..
....... [...... .......
....... .......


You could see Gastronok (very poisoned).

Vanquished Creatures
  Snorg (D:12)
  A boulder beetle (D:12)
  A skeletal warrior (D:12)
  An orc knight (Bailey)
  2 ugly things
  A black mamba (Lair:1)
  An unseen horror (D:11)
  A cane toad (Lair:1)
  2 komodo dragons (D:11)
  A kobold demonologist (D:11)
  A hornet (D:7)
  A centaur simulacrum (D:10)
  A vampire (D:10)
  A wyvern (D:10)
  16 yaks
  2 shadows
  A basilisk (D:12)
  3 steam dragons
  Menkaure (D:6)
  2 vampire mosquitoes (D:12)
  Duvessa (D:5)
  An acid dragon (D:11)
  2 water moccasins
  An ice beast (D:7)
  5 orc warriors
  5 bullfrogs
  12 kobold brigands
  A gnoll sergeant (D:10)
  2 necrophages
  4 scorpions
  13 wights
  Dowan (D:5)
  5 howler monkeys
  6 crimson imps (D:10)
  3 hounds
  A jelly (D:4)
  5 orc priests
  2 gnoll boudas
  5 iguanas
  9 orc wizards
  Robin (D:4)
  12 gnolls
  A river rat (D:3)
  5 adders
  A shadow imp (D:10)
  4 white imps
  2 ufetubi (D:5)
  6 worms
  A dart slug (D:3)
  36 orcs
  7 bats
  6 endoplasms
  3 giant cockroaches
  22 goblins
  3 hobgoblins
  9 jackals
  5 quokkas
  4 ball pythons
  8 frilled lizards
  49 kobolds
  6 rats
316 creatures vanquished.

Vanquished Creatures (collateral kills)
  2 kobold brigands (Bailey)
2 creatures vanquished.

Vanquished Creatures (others)
  A fungus (D:9)
  6 plants
7 creatures vanquished.

Grand Total: 325 creatures vanquished

Notes
Turn   | Place    | Note
-------+----------+-------------------------------------------
     0 | D:5      | ragingrage the Minotaur Delver began the quest for the Orb.
     0 | D:5      | Reached XP level 1. HP: 19/19 MP: 0/0
   101 | D:4      | Found an ornate altar of the Wu Jian Council.
   127 | D:4      | Noticed a scorpion
   212 | D:3      | Reached skill level 3 in Axes
   276 | D:3      | Reached XP level 2. HP: 26/26 MP: 1/1
   429 | D:3      | Reached skill level 4 in Axes
   429 | D:3      | Reached XP level 3. HP: 19/31 MP: 2/2
   827 | D:2      | Found a faded altar of an unknown god.
   980 | D:1      | Got the Vellum of the Spellbinding Figure
  1021 | D:1      | Reached skill level 5 in Axes
  1156 | D:1      | Found Kuigejis's Book Boutique.
  1238 | D:1      | Reached XP level 4. HP: 38/39 MP: 3/3
  1370 | D:1      | Found Ira Evef's Distillery.
  1399 | D:1      | Bought a potion of curing for 33 gold pieces
  1451 | D:1      | Found Aproag's Antique Armour Shop.
  2430 | D:3      | Found a stormy altar of Qazlal.
  2447 | D:3      | Reached skill level 6 in Axes
  2719 | D:4      | Killed a scorpion
  2720 | D:4      | Reached XP level 5. HP: 30/45 MP: 4/4
  2865 | D:4      | Found a shimmering blue altar of Sif Muna.
  2868 | D:4      | Found an opulent altar of Gozag.
  2869 | D:4      | Found a shimmering altar of Xom.
  2871 | D:4      | Found a glowing silver altar of Zin.
  2899 | D:4      | Reached skill level 7 in Axes
  3146 | D:4      | Reached XP level 6. HP: 33/51 MP: 5/5
  3440 | D:4      | Noticed Robin
  3480 | D:4      | Killed Robin
  3481 | D:4      | Reached skill level 8 in Axes
  3573 | D:4      | Found a blossoming altar of Fedhas.
  3887 | D:5      | Reached skill level 9 in Axes
  4123 | D:5      | Found a broken altar of Ashenzari.
  4160 | D:5      | Reached XP level 7. HP: 51/57 MP: 6/6
  4758 | D:5      | Reached skill level 10 in Axes
  4818 | D:5      | Noticed Duvessa
  4818 | D:5      | Noticed Dowan
  4833 | D:5      | Killed Duvessa
  4836 | D:5      | Killed Dowan
  5231 | D:5      | Reached skill level 11 in Axes
  5341 | D:6      | Noticed a steam dragon
  5346 | D:6      | Killed a steam dragon
  5347 | D:6      | Reached XP level 8. HP: 60/64 MP: 7/7
  5380 | D:6      | Found a staircase to the Ecumenical Temple.
  5392 | Temple   | Entered the Ecumenical Temple
  5458 | D:6      | Reached skill level 12 in Axes
  5599 | D:6      | Found Vawem's Weapon Shop.
  5627 | D:6      | Found a basalt altar of Yredelemnul.
  5685 | D:6      | Noticed Menkaure
  5697 | D:6      | Killed Menkaure
  5792 | D:6      | Reached skill level 13 in Axes
  6086 | D:7      | Found a bloodstained altar of Trog.
  6101 | D:7      | Found a snail-covered altar of Cheibriados.
  6152 | D:7      | Found an iron altar of Okawaru.
  6166 | D:7      | Became a worshipper of Warmaster Okawaru
  6202 | D:7      | Found a flagged portal.
  6207 | D:7      | Noticed a hornet
  6223 | D:7      | Killed a hornet
  6224 | D:7      | Reached XP level 9. HP: 45/70 MP: 8/8
  6329 | Bailey   | Entered a bailey
  6407 | Bailey   | Reached skill level 14 in Axes
  6458 | Bailey   | Reached * piety under Okawaru
  6686 | Bailey   | Noticed an orc knight
  6705 | Bailey   | Killed an orc knight
  6706 | Bailey   | Reached skill level 15 in Axes
  6709 | Bailey   | Reached ** piety under Okawaru
  6716 | Bailey   | HP: 2/70 [orc warrior/+0 war axe (12)]
  7055 | Bailey   | Found a bloodstained altar of Trog.
  7629 | D:7      | Reached skill level 1 in Throwing
  7629 | D:7      | Reached skill level 1 in Armour
  7643 | D:7      | Reached skill level 1 in Invocations
  7807 | D:7      | Found a radiant altar of Vehumet.
  7878 | D:7      | Reached *** piety under Okawaru
  8151 | D:8      | Reached XP level 10. HP: 50/79 MP: 10/10
  8564 | D:8      | Identified the +1 robe of a bailey {rN++ Will- Regen+
                  | rCorr}
  8784 | D:8      | Found an ancient bone altar of Kikubaaqudgha.
  9285 | D:8      | Reached skill level 5 in Fighting
  9560 | D:9      | Found Jeifiuph's Assorted Antiques.
  9591 | D:9      | Reached skill level 16 in Axes
  9750 | D:9      | Bought a sedimented green potion for 23 gold pieces
  9750 | D:9      | Bought a crooked wooden wand for 104 gold pieces
  9750 | D:9      | Bought a sedimented green potion for 23 gold pieces
  9935 | D:9      | Reached **** piety under Okawaru
 10036 | D:9      | Found a glowing golden altar of the Shining One.
 10191 | D:9      | Found a runed translucent door.
 10296 | D:9      | Identified the +2 robe of the Volcano {Contam Int+7 Stlth+}
 10381 | D:9      | Reached ***** piety under Okawaru
 10649 | D:9      | Noticed snackwell's ghost (novice SpEn)
 10649 | D:9      | Identified the +5 spear of Korrelik {vorpal, *Slow rN+
                  | Stlth+}
 10931 | D:10     | Entered Level 10 of the Dungeon
 10952 | D:10     | Reached skill level 5 in Armour
 10966 | D:10     | Found Humipsui's Magic Scroll Emporium.
 10974 | D:10     | Bought a scroll of brand weapon for 133 gold pieces
 11191 | D:10     | Received a gift from Okawaru
 11648 | D:10     | Received a gift from Okawaru
 11791 | D:10     | Reached XP level 11. HP: 57/92 MP: 13/13
 11797 | D:10     | Received a gift from Okawaru
 11816 | D:10     | Reached skill level 5 in Throwing
 11996 | D:10     | Found a hazy altar of Hepliaklqana.
 12247 | D:10     | Found a staircase to the Orcish Mines.
 12533 | D:11     | Reached skill level 5 in Invocations
 13284 | D:11     | Noticed a brown ugly thing
 13296 | D:11     | Killed a brown ugly thing
 13296 | D:11     | Received a gift from Okawaru
 13437 | D:11     | Found a staircase to the Lair.
 14852 | D:12     | Noticed Snorg
 14863 | D:12     | Killed Snorg
 14869 | D:12     | Noticed a boulder beetle
 14879 | D:12     | Killed a boulder beetle
 14880 | D:12     | Reached skill level 17 in Axes
 14998 | D:12     | Noticed a skeletal warrior
 15015 | D:12     | Killed a skeletal warrior
 15072 | D:12     | Noticed Rupert
 15089 | D:12     | Noticed a brown ugly thing
 15093 | D:12     | Noticed a skeletal warrior
 15108 | D:12     | Killed a brown ugly thing
 15116 | D:12     | Noticed a skeletal warrior
 15121 | D:12     | Noticed a two-headed ogre
 15125 | D:12     | Noticed a skeletal warrior
 15555 | Lair:1   | Entered Level 1 of the Lair of Beasts
 15594 | Lair:1   | Noticed Gastronok
 15635 | Lair:1   | Mangled by Gastronok

Illustrated notes

Levels and vault maps discovered:
D:1:      tarquinn_simple_flora_water_f, layout_rooms, serial_shops,
          nicolae_shop_competitors_out_of_business, nicolae_shop_stone,
          nicolae_shop_waterfront
D:2:      layout_basic, ebering_ecumenical_altar_box
D:3:      layout_rooms, nicolae_qazlal_scattered_showers, gup_sewer_entry_bowl
D:4:      layout_basic, mainiacjoe_overflow_alcove_2,
          mainiacjoe_overflow_alcove_4, grunt_temple_overflow_open, uniq_robin
D:5:      dreamdust_elfheim, layout_basic, cheibrodos_ashenzari_chains
D:6:      layout_basic, kennysheep_mini_moat, minmay_temple_entry_trees,
          serial_shops, kennysheep_little_box, uniq_menkaure, uniq_duvessa
D:7:      layout_basic, lemuel_doored_altar,
          mainiacjoe_overflow_surrounded_room, mainiacjoe_overflow_tiny_flanked,
          slow_altar_1, enter_bailey_5, minmay_misc_feat_hallway
D:8:      layout_loops_corners, kiku_gazebo_pond_becter
D:9:      layout_cross, mainiacjoe_overflow_24_doors,
          ebering_ghost_funeral_grove, nicolae_wooded_promenade, minmay_holes
D:10:     layout_stronghold, general_overflow_altar, hiddenorc1_lemuel,
          serial_shops, nicolae_shop_advertising_works
          [nicolae_subvault_shop_adworks], minmay_nine_imps
D:11:     layout_basic, david_lair_shrubbed
D:12:     layout_layer_cave, uniq_rupert, uniq_snorg
Temple:   hellmonk_temple_two_chambers
Lair:1:   minmay_lair_oklob_chamber, layout_big_grid, minmay_stone_trees_medium,
          uniq_gastronok

Skill      XL: |  1  2  3  4  5  6  7  8  9 10 11 |
---------------+----------------------------------+-----
Axes           | 3 4 5 6 7 9 11 13 15 16 17 | 17.8
Throwing       | 2 4 6 |  6.0
Armour         | 2 5 8 |  8.0
Fighting       | 4 7 9 |  9.2
Invocations    | 2 4 5 |  5.0
Dodging        | 3 |  3.0
Stealth        | |  4.1

Action                   |  1- 3 |  4- 6 |  7- 9 | 10-12 || total
-------------------------+-------+-------+-------+-------++-------
Melee: Hand axe          |    25 |       |    23 |    91 ||   139
       Headbutt          |    10 |    18 |    39 |    87 ||   154
       Whip              |    49 |   157 |   175 |   397 ||   778
       Punch             |       |     1 |     1 |     8 ||    10
       War axe           |       |       |    14 |    13 ||    27
Throw: Dart              |       |     3 |    17 |    15 ||    35
       Throwing net      |       |     1 |       |       ||     1
       Boomerang         |       |       |       |    17 ||    17
       Javelin           |       |       |       |     4 ||     4
Invok: Heroism           |       |       |       |     6 ||     6
Evoke: Wand              |       |       |     5 |     5 ||    10
       Phial of floods   |       |       |       |     1 ||     1
  Use: Scroll            |       |       |    11 |     7 ||    18
       Potion            |       |       |     4 |    11 ||    15
 Stab: Sleeping          |     3 |     3 |       |       ||     6
       Distracted        |       |       |     1 |       ||     1
Armor: Leather armour    |    35 |    10 |       |       ||    45
       Chain mail        |       |    55 |    19 |       ||    74
       Plate armour      |       |       |    50 |   201 ||   251
       Skin              |       |       |       |    19 ||    19
Dodge: Dodged            |    59 |    76 |    57 |   121 ||   313

Table legend: (Time is in decaauts)
 A = Elapsed time spent in this place.
 B = Non-inter-level travel time spent in this place.
 C = Inter-level travel time spent in this place.
 D = Time resting spent in this place.
 E = Time spent auto-exploring this place.
 F = Levels seen in this place.
 G = Mean time per level.
                   A        B        C        D        E       F      G
               +--------+--------+--------+--------+--------+-----+--------+
         Total |  15323 |  14981 |    342 |   2476 |  10198 |  15 | 1021.5 |
       Dungeon |  14489 |  14152 |    337 |   1978 |  10046 |  12 | 1207.4 |
        Temple |     17 |     13 |      4 |      0 |     11 |   1 |   17.0 |
          Lair |     61 |     61 |      0 |      0 |     18 |   1 |   61.0 |
        Bailey |    754 |    754 |      0 |    497 |    123 |   1 |  754.0 |
               +--------+--------+--------+--------+--------+-----+--------+

Top non-repeatable levels by time:
    D:10: 1980 daAuts
    D:11: 1854 daAuts
     D:8: 1457 daAuts
     D:5: 1429 daAuts
     D:9: 1337 daAuts
     D:7: 1246 daAuts
     D:4: 1235 daAuts
     D:3: 983 daAuts
     D:2: 876 daAuts
  Bailey: 754 daAuts
     D:6: 729 daAuts
     D:1: 709 daAuts
    D:12: 648 daAuts
  Lair:1: 61 daAuts
  Temple: 17 daAuts
